 Dungeon Crawl Stone Soup version 0.21-a0-360-g65c131b (webtiles) character file.

527 Ordine the Slasher (level 7, 0/61 HPs)
             Began as a Tengu Fighter on Oct 13, 2017.
             Slain by Crazy Yiuf
             ... wielding a +3 quarterstaff of chaos
              (3 damage)
             ... on level 3 of the Dungeon.
             The game lasted 00:06:20 (3200 turns).

Ordine the Slasher (Tengu Fighter)                  Turns: 3200, Time: 00:06:21

Health: 0/61       AC:  0    Str: 21    XL:     7   Next: 23%
Magic:  8/8        EV: 13    Int: 11    God:
Gold:   69         SH:  0    Dex: 13    Spells: 6/6 levels left

rFire    . . .     SeeInvis .   (weapon currently unavailable)
rCold    . . .     Gourm    .   (shield currently unavailable)
rNeg     . . .     Faith    .   (armour currently unavailable)
rPois    .         Spirit   .   (helmet currently unavailable)
rElec    .         Reflect  .   (cloak currently unavailable)
rCorr    .         Harm     .   (gloves currently unavailable)
MR       .....                  (boots unavailable)
Stlth    ..........             (no amulet)
HPRegen  0.20/turn              (ring currently unavailable)
MPRegen  0.11/turn              (ring currently unavailable)

@: berserking, pig-form, drained, very quick
A: able to fly 1
a: Fly


You were on level 3 of the Dungeon.
You were not hungry.
You were a filthy swine.
You visited 1 branch of the dungeon, and saw 3 of its levels.

You collected 69 gold pieces.

Inventory:

Hand Weapons
 a - a +0 long sword (melded)
Armour
 b - a +0 scale mail (melded)
 c - a +0 shield
 l - a +0 buckler (melded)
Scrolls
 e - a scroll of remove curse
 n - 2 scrolls of magic mapping
Potions
 m - a potion of curing
Comestibles
 d - 2 chunks of flesh
 f - 3 bread rations
 g - 2 meat rations
 i - a royal jelly
 k - a fruit


   Skills:
 - Level 3.0(2.3) Fighting
 * Level 7.0(6.3) Long Blades
 - Level 3.2(2.6) Armour
 + Level 5.1(4.5) Shields


You had 6 spell levels left.
You didn't know any spells.

Dungeon Overview and Level Annotations

Branches:
Dungeon (3/15)

Altars:
Makhleb
Ru

Annotations:
D:3 Crazy Yiuf


Innate Abilities, Weirdness & Mutations

((You have a beak for a mouth.))
((You have claws for feet.))
You can fly.


Message History

* * * LOW HITPOINT WARNING * * *
You feel less confused.
Crazy Yiuf grits, "Castle!"
You see here a mace.
You feel better. Crazy Yiuf closely misses you.
A red film seems to cover your vision as you go berserk!
You feel yourself moving faster!
You feel mighty!
Crazy Yiuf cries, "You leg down broken song, no?"
Crazy Yiuf hits you with a quarterstaff of chaos!
* * * LOW HITPOINT WARNING * * *
You feel drained.
* * * LOW HITPOINT WARNING * * *
You hit Crazy Yiuf.
Crazy Yiuf is moderately wounded.
You hit Crazy Yiuf.
Crazy Yiuf is heavily wounded.
Crazy Yiuf hits you with a quarterstaff of chaos!
* * * LOW HITPOINT WARNING * * *
You feel drained.
You die...

#.# #.# #.# #####
#.# #).)# #.. #)))#
### #)))# ... ##g##
#.# ### ♣h♣♣ #.#
##.# ♣♣)♣ #.# ##.#.
♣)♣♣ #.# #.### ♣♣)♣
#.# ##.#( ♣♣)♣♣
##.#######.# ♣♣..)♣
#........... ♣....♣
##.#####.#.# #....#
#.# #)#.#
#....####.#####.#.#


You could see Crazy Yiuf.

Vanquished Creatures
  Grinder (D:3)
  The ghost of haldagan the Skirmisher, an amateur DEBe of Trog (D:3)
  A gnoll sergeant (D:3)
  Terence (D:3)
  5 adders
  3 gnolls (D:3)
  2 worms (D:2)
  A dart slug (D:2)
  2 leopard geckos
  6 orcs (D:3)
  4 giant cockroaches
  11 goblins
  6 hobgoblins
  6 jackals (D:3)
  A quokka (D:3)
  3 bats
  A frilled lizard (D:2)
  10 kobolds
  10 rats
75 creatures vanquished.

Vanquished Creatures (others)
  5 toadstools (D:1)
5 creatures vanquished.

Grand Total: 80 creatures vanquished

Notes
Turn   | Place    | Note
-------+----------+-------------------------------------------
     0 | D:1      | Ordine the Tengu Fighter began the quest for the Orb.
     0 | D:1      | Reached XP level 1. HP: 14/14 MP: 2/2
   156 | D:1      | Reached XP level 2. HP: 19/19 MP: 3/3
   215 | D:1      | Reached skill level 3 in Long Blades
   679 | D:2      | Reached XP level 3. HP: 19/23 MP: 4/4
   848 | D:2      | Found a sacrificial altar of Ru.
   935 | D:2      | Reached skill level 4 in Long Blades
  1037 | D:2      | Reached XP level 4. HP: 28/28 MP: 5/5
  1709 | D:3      | Found a burning altar of Makhleb.
  2070 | D:3      | Noticed a gnoll sergeant
  2076 | D:3      | Gained mutation: You can fly. [Tengu growth]
  2076 | D:3      | Reached XP level 5. HP: 32/32 MP: 6/6
  2082 | D:3      | Reached skill level 5 in Long Blades
  2256 | D:3      | Noticed haldagan's ghost (amateur DEBe)
  2306 | D:3      | Killed haldagan's ghost
  2306 | D:3      | Reached XP level 6. HP: 14/37 MP: 7/7
  2529 | D:3      | Noticed Terence
  2537 | D:3      | Killed Terence
  2537 | D:3      | Reached skill level 6 in Long Blades
  2766 | D:3      | Noticed Grinder
  2781 | D:3      | Paralysed by Grinder for 4 turns
  2791 | D:3      | Killed Grinder
  2791 | D:3      | Reached skill level 7 in Long Blades
  2791 | D:3      | Reached skill level 5 in Shields
  2791 | D:3      | Reached XP level 7. HP: 8/41 MP: 6/8
  3116 | D:3      | Found a runed door.
  3188 | D:3      | Noticed Crazy Yiuf
  3200 | D:3      | HP: 3/61 [Crazy Yiuf/quarterstaff of chaos (8)]
  3200 | D:3      | Slain by Crazy Yiuf

Vault maps used:
D:1:      ldierk_walled_garden
D:2:      wad_crossroads, marbit_many_paths, first_bread
D:3:      old_standard_altar, doesnt_xom_only_xom, uniq_terence,
          uniq_crazy_yiuf_cottage, uniq_grinder

Skill      XL: |  1  2  3  4  5  6 |
---------------+-------------------+-----
Long Blades    | 3 4 5 7 |  7.0
Shields        | 4 5 |  5.1
Fighting       | |  3.0
Armour         | |  3.2

Action                   |  1- 3 |  4- 6 |  7- 9 || total
-------------------------+-------+-------+-------++-------
Melee: Long sword        |    66 |   127 |    10 ||   203
       Kick              |    10 |    32 |     2 ||    44
       Peck              |     8 |    18 |     1 ||    27
       Unarmed           |       |       |     3 ||     3
 Abil: Fly               |       |     3 |       ||     3
  Use: Scroll            |     1 |     3 |       ||     4
       Potion            |       |     5 |     2 ||     7
  Eat: Chunk             |       |     6 |     2 ||     8
Armor: Scale mail        |    33 |    41 |     5 ||    79
       Skin              |       |    26 |       ||    26
Dodge: Dodged            |    20 |    52 |     5 ||    77
Block: Shield            |    32 |       |       ||    32
       Buckler           |     1 |    28 |     8 ||    37
       Rpst.: Long sword |     5 |    17 |     2 ||    24

Table legend:
 A = Spawn XP
 B = Non-spawn XP
 C = Spawn XP percentage of total XP
 D = Spawn monster count
 E = Non-spawn monster count
 F = Spawn count percentage of total count
 G = Total turns spent on level
                    A         B        C        D         E        F      G
               +---------+---------+-------+---------+---------+-------+---------
         Total |       0 |     754 |   0.0 |       0 |      75 |   0.0 |  3200
               +---------+---------+-------+---------+---------+-------+---------
           D:1 |       0 |      30 |   0.0 |       0 |      17 |   0.0 |   665
           D:2 |       0 |      95 |   0.0 |       0 |      25 |   0.0 |   972
           D:3 |       0 |     629 |   0.0 |       0 |      33 |   0.0 |  1563
               +---------+---------+-------+---------+---------+-------+---------
